Map: Celestial Enclave LE

Players

SLicKcHeeZEE - Winner!

  • Race: Zerg Zerg
  • Spawn Location: 1:00

A.I. 1 (Elite)

  • Race: Terran Terran
  • Spawn Location: 7:00

VOD

Have the link to the VOD?

Description

Time

  • Played on: Sept. 14, 2026, 1:13 p.m.
  • Length: 10:42
Show
View Real Time Build Order
Export as new Build Order

SLicKcHeeZEE Zerg - Winner!

Build Orders: Hatch First, Roach Hydra 

Get SALT Encoding   

  6  0:00  Drone  
  9  0:10  Drone  
  10  0:16  Drone  
  11  0:27  Overlord  
  11  0:33  Drone  
  12  0:45  Drone x2  
  14  0:50  Drone  
  15  1:12  Hatchery  
  15  1:15  Drone  
  15  1:19  Drone  
  15  1:23  Drone  
  17  1:36  Spawning Pool  
  16  1:40  Drone  
  16  1:43  Extractor  
  16  1:46  Drone  
  17  1:50  Drone  
  18  2:00  Drone  
  19  2:09  Overlord  
  19  2:23  Queen  
  19  2:24  Queen  
  19  2:28  Zergling x2  
  24  2:32  Drone  
  24  2:35  Drone  
  26  2:37  Drone  
  26  2:44  Drone  
  28  2:47  Overlord  
  28  2:50  Drone  
  29  2:55  Drone  
  30  3:05  Lair  
  30  3:10  Roach Warren  
  29  3:13  Drone  
  29  3:16  Drone  
  31  3:20  Overlord  
  31  3:24  Drone  
  32  3:27  Drone  
  32  3:31  Drone  
  34  3:42  Drone  
  35  3:50  Roach x2  
  35  3:51  Roach x2  
  35  3:54  Extractor  
  42  4:03  Hydralisk Den  
  42  4:04  Overlord  
  42  4:07  Drone x3  
  44  4:14  Drone x2  
  44  4:15  Drone, Extractor  
  46  4:31  Hydralisk  
  46  4:32  Hydralisk  
  50  4:40  Hatchery  
  50  4:44  Glial Reconstitution  
  49  4:51  Evolution Chamber, Drone x2  
  49  4:52  Drone  
  51  4:53  Drone  
  51  4:55  Drone  
  51  4:56  Overlord  
  53  5:00  Overlord  
  53  5:03  Drone x2  
  53  5:05  Drone  
  56  5:11  Grooved Spines  
  56  5:21  Zerg Missile Weapons Level 1  
  56  5:23  Roach x3  
  56  5:26  Roach  
  64  5:29  Roach  
  64  5:30  Roach  
  68  5:39  Hydralisk  
  68  5:40  Hydralisk  
  72  5:44  Overlord  
  72  5:45  Overlord  
  72  6:01  Muscular Augments  
  72  6:10  Drone x3, Extractor  
  74  6:13  Overlord  
  74  6:20  Queen  
  74  6:23  Drone x4  
  74  6:24  Overlord  
  80  6:28  Roach x4, Hydralisk  
  80  6:31  Hydralisk  
  92  6:36  Hydralisk  
  94  6:48  Roach x4  
  102  6:58  Hydralisk x3  
  102  7:00  Overlord  
  108  7:11  Overlord x2  
  108  7:17  Zerg Missile Weapons Level 2  
  108  7:19  Evolution Chamber  
  107  7:25  Hydralisk x4  
  115  7:45  Zerg Ground Armor Level 1  
  115  7:46  Hydralisk x2  
  115  7:47  Hydralisk x2  
  115  7:50  Overlord  
  123  7:59  Extractor, Drone x3  
  125  8:08  Roach x3  
  125  8:09  Hydralisk x3  
  137  8:17  Overlord x2  
  137  8:48  Roach x5  
  145  8:49  Roach x4  
  145  8:51  Overlord  
  110  9:27  Roach x7  
  110  9:28  Roach x9  
Show
View Real Time Build Order
Export as new Build Order

A.I. 1 (Elite) Terran 

Build Orders:  

Get SALT Encoding   

  6  0:00  SCV  
  9  0:13  SCV  
  10  0:25  SCV  
  11  0:37  SCV  
  12  0:46  Supply Depot  
  12  0:49  SCV  
  13  1:08  SCV  
  13  1:09  Barracks  
  14  1:20  SCV  
  15  1:32  SCV  
  16  1:44  SCV  
  17  1:54  Supply Depot  
  17  1:56  SCV  
  17  1:58  Marine  
  17  1:59  Refinery  
  20  2:08  SCV  
  20  2:15  Marine  
  20  2:20  Barracks, SCV  
  22  2:29  Refinery  
  22  2:32  SCV  
  22  2:33  Marine  
  24  2:44  SCV  
  24  2:47  Supply Depot  
  25  2:51  Marine  
  25  2:57  SCV  
  27  3:09  SCV, Marine  
  27  3:11  Factory  
  29  3:17  Marine  
  30  3:21  SCV  
  30  3:27  Marine  
  31  3:33  SCV  
  33  3:34  Marine  
  34  3:44  Marine  
  34  3:45  SCV  
  36  3:53  Barracks  
  36  3:57  SCV  
  36  3:59  Supply Depot  
  37  4:07  Barracks Tech Lab  
  37  4:09  Barracks Tech Lab  
  37  4:20  Starport, SCV  
  37  4:21  Factory Tech Lab  
  38  4:32  SCV  
  38  4:36  Marine  
  40  4:39  Marine  
  40  4:44  SCV  
  40  4:45  Stimpack  
  42  4:50  Combat Shield  
  42  4:57  SCV  
  43  5:03  Supply Depot  
  43  5:09  SCV  
  44  5:21  SCV  
  45  5:23  Barracks Reactor  
  45  5:24  Marine  
  45  5:25  Siege Tank, Marauder  
  45  5:28  Barracks  
  51  5:31  Supply Depot  
  51  5:33  SCV  
  52  5:37  Command Center  
  52  5:46  Orbital Command  
  52  5:53  Marauder  
  52  5:56  Marauder  
  56  6:03  Supply Depot  
  56  6:14  Marauder  
  56  6:17  Engineering Bay  
  58  6:22  Marauder  
  60  6:36  Marauder  
  60  6:37  Supply Depot  
  62  6:44  Marauder, Terran Infantry Weapons Level 1  
  64  6:50  SCV x2  
  66  6:57  Marauder  
  68  7:02  SCV x2  
  70  7:08  Concussive Shells, Marine  
  70  7:09  Marine  
  70  7:12  Marauder, Engineering Bay  
  70  7:14  SCV  
  75  7:16  SCV  
  75  7:18  Marauder  
  78  7:24  Command Center  
  78  7:29  SCV  
  79  7:31  SCV  
  79  7:36  Marauder  
  81  7:38  Terran Infantry Armor Level 1  
  81  7:41  SCV  
  81  7:42  Supply Depot  
  81  7:43  SCV  
  83  7:48  Siege Tank  
  86  7:53  SCV  
  87  7:59  Orbital Command  
  87  8:05  Missile Turret, SCV  
  87  8:07  Supply Depot  
  87  8:10  Missile Turret, Starport Reactor  
  88  8:15  Marine  
  88  8:17  Marine  
  90  8:20  Siege Tank  
  90  8:21  Marauder  
  95  8:32  Supply Depot  
  95  8:35  Missile Turret  
  95  8:36  SCV  
  95  8:37  SCV  
  95  8:39  SCV  
  98  8:46  Medivac  
  100  8:48  SCV  
  100  8:49  SCV  
  100  8:51  SCV  
  100  8:52  Siege Tank  
  106  8:56  Missile Turret  
  106  8:59  Medivac  
  106  9:00  SCV  
  106  9:01  SCV  
  106  9:03  SCV  
  106  9:04  Marine, Missile Turret  
  106  9:06  Marine  
  106  9:08  Marine  
  106  9:09  Marine  
  89  9:10  Marine  
  89  9:13  SCV x2  
  89  9:16  Orbital Command  
  75  9:22  Marauder  
  77  9:24  Marine  
  77  9:25  SCV, Widow Mine, Marine  
  77  9:26  SCV  
  77  9:27  Marine  
  77  9:28  Marine  
  84  9:37  SCV  
  84  9:38  SCV  
  84  9:42  Marine  
  84  9:43  Marauder, Marine  
  84  9:44  Marine  
  90  9:46  Siege Tank, Marine  
  90  9:49  SCV  
  90  9:50  SCV  
  85  10:00  Marine  
  85  10:03  Marine, Marauder  
  80  10:07  Marine  
  80  10:11  Marine  
  74  10:18  Marine  
  54  10:28  Command Center  
  54  10:34  Refinery  
Tags
 
Composition
Roach Hydra
Matchup
TvZ
Spawn Locations
Cross Positions
Add a new tag
Caveats
  • Supply blocks, unpowered buildings, or Contaminate may cause inaccurate times.
  • Supply counts are checked every 10 seconds.